 Dungeon Crawl Stone Soup version 0.21-a0-625-g1119ec1 (webtiles) character file.

949 slowboat the Skirmisher (level 7, -6/58 HPs)
             Began as a Demonspawn Monk on Dec 24, 2017.
             Was a Believer of Okawaru.
             Shot with a sling bullet by Joseph (15 damage)
             ... on level 8 of the Dungeon.
             The game lasted 00:20:07 (7799 turns).

slowboat the Skirmisher (Demonspawn Monk)           Turns: 7799, Time: 00:20:07

Health: -6/58      AC:  4    Str: 13    XL:     7   Next: 90%
Magic:  0/11       EV: 14    Int: 16    God:    Okawaru [**....]
Gold:   0          SH:  0    Dex: 15    Spells: 8/11 levels left

rFire    . . .     SeeInvis .     - Unarmed
rCold    . . .     Gourm    .   (no shield)
rNeg     . . .     Faith    .   a - +0 robe
rPois    .         Spirit   +   f - +0 hat
rElec    .         Reflect  .   v - scarf {Spirit}
rCorr    .         Harm     .   (no gloves)
MR       .....                  (no boots)
Stlth    +++.......             h - amulet of regeneration
HPRegen  0.59/turn              k - +4 ring of intelligence
MPRegen  0.12/turn              (no ring)

@: very slightly contaminated
A: molten scales 1, nightstalker 1, rot immunity
a: Heroism, Renounce Religion


You were on level 8 of the Dungeon.
You worshipped Okawaru.
Okawaru was pleased with you.
You were not hungry.

You visited 2 branches of the dungeon, and saw 10 of its levels.

Inventory:

Hand Weapons
 l - a +1 spear
Missiles
 r - 39 stones
 y - 3 javelins (quivered)
Armour
 a - a +0 robe (worn)
 f - a +0 hat (worn)
 m - a -1 helmet
 v - a scarf of spirit shield (worn)
Jewellery
 h - an amulet of regeneration (around neck)
 k - a +4 ring of intelligence (left hand)
Scrolls
 c - 3 scrolls of identify
 n - 3 scrolls of remove curse
 t - a scroll of magic mapping
 u - a scroll of noise {unknown}
 w - 2 scrolls of amnesia
Books
 i - a book of Minor Magic

   Spells                             Type                      Level
   a - Magic Dart                     Conjuration                  1
   b - Blink                          Translocation                2
   c - Call Imp                       Summoning                    2
   d - Slow                           Hexes                        2
   e - Conjure Flame                  Conjuration/Fire             3
   f - Mephitic Cloud                 Conjuration/Poison/Air       3
 s - a book of Changes

   Spells                             Type                      Level
   a - Beastly Appendage              Transmutation                1
   b - Sticks to Snakes               Transmutation                2
   c - Spider Form                    Transmutation/Poison         3
   d - Ice Form                       Ice/Transmutation            4
   e - Blade Hands                    Transmutation                5
Comestibles
 b - 2 rations


   Skills:
 - Level 6.1 Fighting
 - Level 3.8 Dodging
 - Level 1.7 Stealth
 - Level 4.8 Unarmed Combat
 + Level 2.6 Spellcasting
 * Level 3.2 Translocations


You had 8 spell levels left.
You knew the following spells:

 Your Spells              Type           Power        Failure   Level  Hunger
a - Beastly Appendage     Tmut           #.....       19%         1    #......
b - Blink                 Tloc           N/A          8%          2    ##.....


Dungeon Overview and Level Annotations

Branches:
Dungeon (9/15)             Temple (1/1) D:6
   Lair: D:8-11         Orc: D:9-12

Altars:
Ashenzari
Cheibriados
Elyvilon
Hepliaklqana
Kikubaaqudgha
Makhleb
Nemelex Xobeh
Okawaru
Qazlal
Ru
Sif Muna
Trog
Uskayaw
Vehumet
Wu Jian
Zin
The Shining One

Annotations:
D:3 tidbits's ghost, weakling GnTm
D:5 Prince Ribbit; Regeox's ghost, novice HOFi
D:8 Joseph; Maurice; Psyche


Innate Abilities, Weirdness & Mutations

You are partially covered in molten scales. (AC +2)
You are slightly more attuned to the shadows.
You are immune to rotting.


Message History

Press: ? - help, Dir - move target cursor You are very lightly contaminated with residual magic.
As you read the scroll labeled GANNUPL OTHELO, it crumbles to dust.
It was a scroll of blinking.
Your horns disappear.
Joseph shoots a sling bullet.
The sling bullet hits you!
Joseph shoots a sling bullet.
The sling bullet hits you!
* * * LOW HITPOINT WARNING * * *
You see here a sling bullet.
Joseph shoots a sling bullet.
The sling bullet barely misses you.
You aren't carrying any potions.
As you read the scroll labeled AVUOQA RIYPLOSECITZ, it crumbles to dust.
It is a scroll of amnesia.
Okay, then.
Joseph shoots a sling bullet.
The sling bullet hits you!
* * * LOW HITPOINT WARNING * * *
Casting: Beastly Appendage
Confirm with . or Enter, or press ? or * to list all spells.
You blink.
Joseph shoots a sling bullet.
The sling bullet hits you!
You die...

..........## #............
...........## ##............
............# #......#......
...^........#
###.....###.....
............#
###..(...####.....
............#
##......§.#⌠⌠##....
............#
#........##__###...
...........## #.....(..##..#
*#.. .........###
##@...(..##''# *## ........##
#.......##..## ......### ***
##.....@#....# .....##* **,**
##.⌠.⌠.......#
.......#**,,,**#..._.......##
######...,,,,,*#..⌠.⌠..(...#
* *###.,,,**####...(.(.##
***,,* ######### ****


You could see Joseph.

Vanquished Creatures
  A hungry ghost (D:8)
  A water moccasin (D:8)
  A phantom (D:4)
  2 bullfrogs
  A scorpion (D:4)
  A howler monkey (D:4)
  A bullfrog zombie (D:4)
  A crimson imp (D:8)
  A hound (D:8)
  Natasha (D:4)
  An iguana (D:4)
  3 worker ants
  A hound skeleton (D:4)
  Robin (D:4)
  7 adders
  2 oozes (D:2)
  An adder zombie (D:2)
  3 adder skeletons
  2 worms
  3 dart slugs
  2 leopard geckos
  5 orcs
  A bat zombie (D:2)
  4 giant cockroaches
  10 goblins
  2 hobgoblins (D:1)
  3 quokkas
  7 bats
  7 frilled lizards
  5 kobolds
  3 leopard gecko skeletons
  5 rats
89 creatures vanquished.

Vanquished Creatures (others)
  A sky beast (D:9)
  An orc (D:9)
2 creatures vanquished.

Grand Total: 91 creatures vanquished

Notes
Turn   | Place    | Note
-------+----------+-------------------------------------------
     0 | D:1      | slowboat the Demonspawn Monk began the quest for the Orb.
     0 | D:1      | Reached XP level 1. HP: 18/18 MP: 1/1
   278 | D:1      | Gained mutation: You are immune to rotting. [demonic ancestry]
   278 | D:1      | Reached XP level 2. HP: 23/24 MP: 2/2
  1193 | D:2      | Found a glowing golden altar of the Shining One.
  1231 | D:2      | Reached XP level 3. HP: 14/29 MP: 3/3
  2054 | D:2      | Reached XP level 4. HP: 23/35 MP: 4/4
  2289 | D:2      | Learned a level 1 spell: Beastly Appendage
  2930 | D:3      | Noticed tidbits's ghost (weakling GnTm)
  4238 | D:5      | Entered Level 5 of the Dungeon
  4238 | D:5      | Noticed Prince Ribbit
  4274 | D:4      | Gained mutation: You are slightly more attuned to the shadows. [demonic ancestry]
  4274 | D:4      | Reached XP level 5. HP: 22/42 MP: 5/5
  4524 | D:4      | Reached skill level 4 in Fighting
  4951 | D:4      | Noticed Robin
  4968 | D:4      | Killed Robin
  5393 | D:4      | Noticed a phantom
  5400 | D:4      | Reached skill level 5 in Fighting
  5400 | D:4      | Gained mutation: You are partially covered in molten scales. (AC +2) [demonic ancestry]
  5400 | D:4      | Reached XP level 6. HP: 43/51 MP: 6/6
  5882 | D:5      | Noticed Regeox's ghost (novice HOFi)
  5975 | D:4      | Found a burning altar of Makhleb.
  6181 | D:4      | Noticed Natasha
  6216 | D:4      | Killed Natasha
  6446 | D:6      | Found a staircase to the Ecumenical Temple.
  6478 | Temple   | Entered the Ecumenical Temple
  6647 | Temple   | Became a worshipper of Warmaster Okawaru
  6647 | Temple   | Reached * piety under Okawaru
  6647 | Temple   | Reached ** piety under Okawaru
  6681 | D:6      | Noticed an ice beast
  6699 | D:7      | Reached skill level 6 in Fighting
  6699 | D:7      | Reached XP level 7. HP: 34/58 MP: 4/7
  6710 | D:7      | Noticed a two-headed ogre
  6895 | D:7      | You fall through a shaft!
  6899 | D:8      | Learned a level 2 spell: Blink
  6950 | D:8      | Reached skill level 1 in Translocations
  6971 | D:8      | Noticed Psyche
  7055 | D:9      | Reached skill level 1 in Spellcasting
  7121 | D:9      | Noticed a deep elf mage
  7600 | D:8      | Noticed Maurice
  7612 | D:8      | Found a sparkling altar of Nemelex Xobeh.
  7649 | D:8      | Found a deep blue altar of Sif Muna.
  7649 | D:8      | Found an ancient bone altar of Kikubaaqudgha.
  7773 | D:8      | Noticed a hungry ghost
  7782 | D:8      | Killed a hungry ghost
  7791 | D:8      | Noticed Joseph
  7799 | D:8      | Shot with a sling bullet by Joseph

Vault maps used:
D:1:      minmay_arrival_open_corners
D:2:      nicolae_tso_swordbearing_angel, serial_undead, serial_undead_e,
          serial_undead_c, serial_undead_a, serial_undead_e, serial_undead_b,
          serial_undead_c, tgw_xom
D:4:      lemuel_round_altar, first_ration, hangedman_abyss_or_decor_slice,
          uniq_natasha, uniq_robin
D:5:      kennysheep_cluttered_room, nicolae_ru_path_of_blood, uniq_pikel,
          uniq_menkaure, uniq_prince_ribbit1
D:6:      minmay_temple_entry_statues
D:7:      nicolae_overflow_hidden_temple, hangedman_minor_gate_pass
D:8:      nemelex_xobeh_ov_fountains_minmay, gammafunk_temple_overflow_wave,
          kennysheep_little_box, lemuel_coloured_pillars_altar,
          cheibrodos_ashenzari_chains, uniq_psyche, uniq_joseph, uniq_maurice
D:9:      david_lair_shrubbed, hangedman_ranch, grunt_decor_mini_mirrors,
          hangedman_decor_push, lemuel_flame_loot_1, uniq_grum
Temple:   nicolae_temple_figure_eight

Skill      XL: |  1  2  3  4  5  6  7 |
---------------+----------------------+-----
Unarmed Combat | 3 4 |  4.8
Fighting       | 5 6 |  6.1
Dodging        | 3 |  3.8
Translocations | 3 |  3.2
Spellcasting   | 2 |  2.6
Stealth        | |  1.7

Action                   |  1- 3 |  4- 6 |  7- 9 || total
-------------------------+-------+-------+-------++-------
Melee: Unarmed           |    27 |    50 |   117 ||   194
       Dagger            |    28 |    22 |       ||    50
       Hand axe          |    82 |   171 |       ||   253
       Punch             |     3 |     2 |     1 ||     6
       Spear             |       |    26 |       ||    26
       Kick              |       |     5 |    17 ||    22
       Headbutt          |       |       |     1 ||     1
Throw: Stone             |       |    13 |     9 ||    22
       Javelin           |       |       |     9 ||     9
 Cast: Beastly Appendage |       |     8 |    11 ||    19
       Blink             |       |       |     1 ||     1
Invok: Heroism           |       |     1 |     1 ||     2
 Abil: Evoke Berserk Rag |       |     3 |       ||     3
  Use: Scroll            |     2 |     3 |     7 ||    12
       Potion            |     1 |     6 |     1 ||     8
 Stab: Sleeping          |     3 |     7 |     1 ||    11
  Eat: Chunk             |     2 |       |     2 ||     4
       Ration            |     1 |     5 |     2 ||     8
Armor: Robe              |    26 |    38 |    22 ||    86
Dodge: Dodged            |    93 |   231 |    80 ||   404

Table legend:
 A = Spawn XP
 B = Non-spawn XP
 C = Spawn XP percentage of total XP
 D = Spawn monster count
 E = Non-spawn monster count
 F = Spawn count percentage of total count
 G = Total turns spent on level
                    A         B        C        D         E        F      G
               +---------+---------+-------+---------+---------+-------+---------
         Total |       0 |    1357 |   0.0 |       0 |      89 |   0.0 |  7799
               +---------+---------+-------+---------+---------+-------+---------
           D:1 |       0 |      33 |   0.0 |       0 |      20 |   0.0 |  1155
           D:2 |       0 |      99 |   0.0 |       0 |      24 |   0.0 |  1865
           D:3 |       0 |      10 |   0.0 |       0 |       5 |   0.0 |   327
           D:4 |       0 |     500 |   0.0 |       0 |      26 |   0.0 |  2979
           D:5 |       0 |       6 |   0.0 |       0 |       2 |   0.0 |   120
           D:6 |       0 |      34 |   0.0 |       0 |       1 |   0.0 |    43
           D:7 |       0 |      93 |   0.0 |       0 |       1 |   0.0 |   210
           D:8 |       0 |     479 |   0.0 |       0 |       8 |   0.0 |   825
           D:9 |       0 |     103 |   0.0 |       0 |       2 |   0.0 |    79
               +---------+---------+-------+---------+---------+-------+---------
